 Dungeon Crawl Stone Soup version 0.12.2-14-g7c90c79 (webtiles) character file.

7576 MarVin the Protected (level 10, -13/70 (74) HPs)
             Began as a Demonspawn Fighter on Aug 5, 2013.
             Was a Believer of Nemelex Xobeh.
             Mangled by a minotaur (16 damage)
             ... in a labyrinth.
             The game lasted 01:10:29 (13541 turns).

MarVin the Protected (Demonspawn Fighter)          Turns: 13541, Time: 01:10:29

HP -13/70 (74)   AC 19     Str 19      XL: 10   Next: 81%
MP   9/9         EV  9     Int 10      God: Nemelex Xobeh [**....]
Gold 606         SH  0     Dex 13      Spells:  0 memorised,  9 levels left

Res.Fire  : . . .   See Invis. : .   E - +0,+2 battleaxe (flame)
Res.Cold  : . . .   Warding    : .   u - +3 orc plate armour
Life Prot.: . . .   Conserve   : .   (no shield)
Res.Poison: .       Res.Corr.  : .   (no helmet)
Res.Elec. : .       Clarity    : .   (no cloak)
Sust.Abil.: . .     Spirit.Shd : .   (no gloves)
Res.Mut.  : .       Stasis     : .   (no boots)
Res.Rott. : .       Ctrl.Telep.: x   y - amulet of faith
Saprovore : + . .   Flight     : .   V - ring of sustenance
                                     G - +3 ring of evasion

@: somewhat resistant to hostile enchantments, extremely unstealthy
A: powered by death 3, saprovore 1, AC +1
a: Draw One, Peek at Two, Renounce Religion


You were in a labyrinth.
You worshipped Nemelex Xobeh.
Nemelex Xobeh was most pleased with you.
You were hungry.

You visited 2 branches of the dungeon, and saw 12 of its levels.
You also visited: Labyrinth.

You collected 588 gold pieces.

Inventory:

Hand weapons
 E - a +0,+2 battleaxe of flaming (weapon)
 L - a -1,+0 orcish war axe
Missiles
 K - 11 javelins (quivered)
Armour
 b - a +0 scale mail
 u - a +3 orcish plate armour (worn)
 W - a +0 shield
Magical devices
 a - a wand of confusion (10) {unknown}
 c - a wand of flame (14) {unknown}
 Q - a wand of teleportation (7)
Comestibles
 i - an apple
Scrolls
 e - a scroll of identify
 t - 5 scrolls of remove curse
Jewellery
 f - an uncursed ring of ice
 g - an uncursed ring of sustenance
 o - an uncursed amulet of conservation
 p - an uncursed amulet of the gourmand
 w - an uncursed ring of ice
 y - an amulet of faith (around neck)
 G - a +3 ring of evasion (left hand)
 T - an uncursed ring of life protection {unknown}
 V - a ring of sustenance (right hand)
 Y - an uncursed amulet of guardian spirit
Potions
 d - a potion of might
 h - a potion of curing
Books
 N - a book of Wizardry

   Spells                             Type                      Level
   Summon Elemental                   Summoning                    4
   Agony                              Necromancy                   5
   Lightning Bolt                     Conjuration/Air              5
   Fireball                           Conjuration/Fire             5
   Haste                              Charms                       6
   Invisibility                       Hexes                        6


   Skills:
 - Level 3.2 Fighting
 - Level 10.1 Axes
 + Level 11.1 Armour
 - Level 0.6 Dodging
   Level 3.1 Shields
 - Level 5.2 Traps


You had 9 spell levels left.
You didn't know any spells.

Dungeon Overview and Level Annotations

Branches:
Dungeon (11/27)            Temple (1/1) D:5             Orc (0/4) D:9
   Lair (0/8) D:10

Altars:
Ashenzari
Cheibriados
Elyvilon
Fedhas
Kikubaaqudgha
Makhleb
Nemelex Xobeh
Okawaru
Sif Muna
Trog
Vehumet
Xom
Yredelemnul
Zin
the Shining One
Beogh

Annotations
D:4 Edmund


Innate Abilities, Weirdness & Mutations

You are partially covered in rugged brown scales (AC +1, +3% HP).
You can steal the life force of all defeated enemies in sight.
You can tolerate rotten meat.


Message History

The minotaur is heavily wounded.
The minotaur hits you! The minotaur gores you.
You slash the minotaur! You burn the minotaur.
The minotaur is severely wounded.
The minotaur hits you! The minotaur barely misses you.
You hit the minotaur but do no damage.
The minotaur is severely wounded.
The minotaur hits you. The minotaur gores you!
* * * LOW HITPOINT WARNING * * *
The minotaur hits you!
* * * LOW HITPOINT WARNING * * *
The minotaur gores you.
* * * LOW HITPOINT WARNING * * *
The minotaur hits you but does no damage.
The minotaur barely misses you.
Your plate armour prevents you from hitting the minotaur.
The minotaur is severely wounded.
The minotaur hits you!
You die...
Your body disappears without a glow.

# # ####### #
# #.. . #...#
# # #.### # .
.#@#.#.#
#.#####H#.#.#
#
#.#.......#.#
.
.#######.#<#
#
.........#(#
# #
#.##.#.##.#.#
. . #... #.
.#(#. #
#######.#.#.#
. . .. #.. #


You could see a minotaur.

Vanquished Creatures
  A hydra (D:11)
  A necromancer (D:8)
  The ghost of Aryth the Cruncher, an experienced MiGl (D:5)
  2 trolls
  2 wyverns
  2 hungry ghosts (D:10)
  Eustachio (D:10)
  A merfolk (D:7)
  2 hippogriffs
  5 orc warriors
  4 ice beasts
  A necrophage (D:7)
  2 yak zombies (D:10)
  A phantom (D:6)
  2 sky beasts
  A cyclops skeleton (D:10)
  5 ogres
  2 centaurs (D:9)
  2 yellow wasps
  Sigmund (D:7)
  2 water moccasins
  A giant frog zombie (D:2)
  A gnoll sergeant (D:8)
  Blork the orc (D:3)
  4 giant frogs
  2 giant frog skeletons
  A grizzly bear simulacrum (D:8)
  4 killer bees (D:7)
  2 shadows (D:9)
  7 hounds
  A hound zombie (D:5)
  3 crimson imps
  10 wights
  An ogre skeleton (D:5)
  4 big fish (D:7)
  5 orc priests
  A quasit (D:10)
  4 orc wizards
  7 worker ants
  5 scorpions
  5 iguanas
  3 hound simulacra (D:8)
  A worm zombie (D:2)
  Ijyb (D:2)
  Jessica (D:2)
  2 jellies
  A mummy (D:9)
  10 gnolls
  A giant centipede (D:10)
  2 giant mites
  An iguana zombie (D:8)
  An inept feature mimic (D:7)
  14 adders
  2 adder skeletons
  3 adder zombies
  2 worms
  3 sheep simulacra (D:8)
  A grey rat (D:10)
  2 giant eyeballs (D:10)
  5 giant geckos
  A giant mite zombie (D:2)
  An ooze (D:1)
  59 orcs
  A ball python (D:3)
  16 bats
  7 giant cockroaches
  13 goblins
  12 hobgoblins
  3 jackals (D:5)
  12 kobolds
  9 quokkas
  6 giant newts
  A jackal zombie (D:5)
  A kobold zombie (D:2)
  An orc skeleton (D:2)
  18 rats
  4 rat simulacra (D:8)
331 creatures vanquished.

Vanquished Creatures (others)
  A wizard (D:3)
  4 orcs
  2 jackals
  A kobold (D:6)
  A giant spore (D:7)
  A goblin (D:5)
  A rat (D:1)
11 creatures vanquished.

Grand Total: 342 creatures vanquished

Notes
Turn   | Place    | Note
--------------------------------------------------------------
     0 | D:1      | MarVin, the Demonspawn Fighter, began the quest for the Orb.
     0 | D:1      | Reached XP level 1. HP: 18/18 MP: 0/0
   195 | D:1      | Gained mutation: You can steal the life force of nearby defeated enemies. [demonic ancestry]
   195 | D:1      | Reached XP level 2. HP: 24/24 MP: 1/1
   941 | D:2      | Reached XP level 3. HP: 28/30 MP: 2/2
  1081 | D:2      | Noticed Jessica
  1106 | D:2      | Killed Jessica
  1106 | D:2      | Reached XP level 4. HP: 22/36 MP: 3/3
  1197 | D:2      | Noticed a giant frog skeleton
  1198 | D:2      | Found a shattered altar of Ashenzari.
  1209 | D:2      | Killed a giant frog skeleton
  1209 | D:2      | Reached skill level 4 in Axes
  1209 | D:2      | Reached XP level 5. HP: 36/42 MP: 4/4
  1445 | D:2      | Noticed a giant frog zombie
  1464 | D:2      | Killed a giant frog zombie
  1587 | D:2      | Noticed Ijyb
  1636 | D:2      | Killed Ijyb
  1636 | D:2      | Reached skill level 5 in Axes
  1785 | D:3      | Gained mutation: You can steal the life force of defeated enemies. [demonic ancestry]
  1785 | D:3      | Reached XP level 6. HP: 48/48 MP: 5/5
  2397 | D:3      | Found a bloodstained altar of Trog.
  2398 | D:3      | Noticed a terrified wizard
  2403 | D:3      | Killed a terrified wizard
  2570 | D:4      | Noticed Blork the orc
  2918 | D:3      | Reached skill level 6 in Axes
  3001 | D:4      | Noticed Edmund
  3474 | D:3      | HP: 2/48 [something (13)]
  3475 | D:3      | Killed Blork the orc
  4117 | D:4      | Found a blossoming altar of Fedhas.
  4134 | D:4      | Gained mutation: You can steal the life force of all defeated enemies in sight. [demonic ancestry]
  4134 | D:4      | Reached XP level 7. HP: 53/53 MP: 6/6
  4418 | D:5      | Entered Level 5 of the Dungeon
  4470 | D:5      | Reached skill level 5 in Armour
  4653 | D:5      | Found a staircase to the Ecumenical Temple.
  4721 | D:5      | HP: 2/53 [poisoned by a scorpion]
  5017 | D:5      | Found a basalt altar of Yredelemnul.
  5057 | Temple   | Entered the Ecumenical Temple
  5434 | D:5      | Noticed Aryth's ghost (experienced MiGl)
  5452 | D:5      | Killed Aryth's ghost
  5452 | D:5      | Reached skill level 7 in Axes
  5452 | D:5      | Reached XP level 8. HP: 14/60 MP: 7/7
  5837 | D:5      | Reached skill level 8 in Axes
  5973 | D:6      | Found a burning altar of Makhleb.
  6261 | D:6      | Reached skill level 9 in Axes
  7013 | D:7      | Gained mutation: You are partially covered in rugged brown scales (AC +1, +3% HP). [demonic ancestry]
  7013 | D:7      | Gained mutation: You can tolerate rotten meat. [demonic ancestry]
  7013 | D:7      | Reached XP level 9. HP: 39/64 MP: 8/8
  7384 | D:7      | Reached XP level 8. HP: 37/57 MP: 7/7
  7651 | D:6      | Paralysed by a yellow wasp for 3 turns
  7670 | D:6      | Reached XP level 9. HP: 18/62 MP: 8/8
  7804 | D:7      | Noticed Sigmund
  7825 | D:7      | Killed Sigmund
  7825 | D:7      | Reached skill level 10 in Axes
  8698 | D:7      | Found a glowing golden altar of the Shining One.
  9863 | D:8      | Noticed a necromancer
  9870 | D:8      | Killed a necromancer
  9901 | D:8      | Reached XP level 10. HP: 70/70 MP: 9/9
 10883 | D:9      | Found a radiant altar of Vehumet.
 10896 | D:9      | Found a roughly hewn altar of Beogh.
 10971 | D:9      | Found a staircase to the Orcish Mines.
 11173 | D:9      | Reached skill level 10 in Armour
 11299 | D:9      | Found a sparkling altar of Nemelex Xobeh.
 11344 | D:9      | Became a worshipper of Nemelex Xobeh
 11347 | D:9      | Received a gift from Nemelex Xobeh
 11437 | D:9      | Acquired Nemelex Xobeh's first power
 11664 | D:9      | Reached skill level 1 in Traps
 11904 | D:10     | Entered Level 10 of the Dungeon
 12112 | D:10     | Found a staircase to the Lair.
 12306 | D:10     | Noticed Eustachio
 12330 | D:10     | Killed Eustachio
 12423 | D:10     | Paralysed by a giant eyeball for 3 turns
 12537 | D:10     | Paralysed by a giant eyeball for 4 turns
 12713 | D:11     | Noticed a five-headed hydra
 12725 | D:11     | Killed a hydra
 12725 | D:11     | Reached skill level 5 in Traps
 12789 | D:11     | Reached skill level 11 in Armour
 12794 | D:11     | Acquired Nemelex Xobeh's second power
 12836 | D:11     | Found a labyrinth entrance.
 12847 | Lab      | Entered a labyrinth
 13521 | Lab      | Noticed a minotaur
 13531 | Lab      | HP: 1/70 [minotaur (4)]
 13541 | Lab      | Mangled by a minotaur

Action                   |  1- 3 |  4- 6 |  7- 9 | 10-12 || total
-------------------------+-------+-------+-------+-------++-------
Melee: Hand axe          |   103 |   562 |   189 |       ||   854
       War axe           |       |       |   351 |       ||   351
       Battleaxe         |       |       |   177 |   362 ||   539
Throw: Spear             |       |     1 |     2 |       ||     3
       Javelin           |       |       |    30 |    14 ||    44
Evoke: Wand              |       |       |     3 |     1 ||     4
       Deck              |       |       |       |     4 ||     4
  Use: Potion            |       |     1 |     5 |       ||     6
       Scroll            |       |       |     9 |    19 ||    28
